 Dungeon Crawl Stone Soup version 0.27-a0-416-gca2cecf3c0 (webtiles) character file.

Game seed: 16375555135159030704

309373 rednaxela the Spry (level 20, 0/146 HPs)
             Began as a Spriggan Enchanter on Feb 23, 2021.
             Was the Champion of Nemelex Xobeh.
             Killed from afar by a starcursed mass (14 damage)
             ... with an accursed screaming
             ... on level 3 of the Abyss on Feb 24, 2021.
             The game lasted 04:54:17 (58630 turns).

rednaxela the Spry (Spriggan Enchanter)            Turns: 58630, Time: 04:54:17

Health: 0/146      AC: 32    Str:  8    XL:     20   Next: 37%
Magic:  35/40      EV: 35    Int: 21    God:    Nemelex Xobeh [******]
Gold:   1387       SH:  8    Dex: 16    Spells: 23/49 levels left

rFire    + + .     SeeInvis +   K - +7 demon blade (vorpal)
rCold    + + .     Faith    .   H - +0 buckler
rNeg     + . .     Spirit   .   (armour currently unavailable)
rPois    ∞         Reflect  .   Y - +2 hat {Will+}
rElec    +         Harm     .   Q - +2 cloak {rPois}
rCorr    +         Rampage  .   (gloves unavailable)
Will     ++++.                  (boots unavailable)
Stlth    +++++.....             m - amulet of Vitality {Regen+ HP+15}
HPRegen  1.34/turn              f - ring of protection from fire
MPRegen  0.27/turn              c - ring of protection from cold

@: mighty, statue-form, resistant, very slow
A: very small, unfitting armour, see invisible
}: 2/15 runes: decaying, serpentine
a: End Transformation, Renounce Religion, Draw Escape, Draw Destruction, Draw
Summoning, Draw Stack, Triple Draw, Deal Four, Stack Five


You were on level 3 of the Abyss.
You worshipped Nemelex Xobeh.
Nemelex Xobeh was exalted by your worship.
You were a stone statue.
You visited 6 branches of the dungeon, and saw 35 of its levels.
You visited the Abyss 1 time.
You also visited: Gauntlet.

You collected 5052 gold pieces.
You spent 3665 gold pieces at shops.

Inventory:

Hand Weapons
 b - a +6 scimitar of flaming
   (You took it off Erica on level 9 of the Dungeon)
 K - a +7 vorpal demon blade (weapon)
   (You bought it in a shop on level 4 of the Vaults)
Missiles
 x - 2 throwing nets (quivered) {!f}
 W - 5 curare-tipped darts
Armour
 d - a +0 hat of intelligence
   (You took it off Gastronok on level 1 of the Orcish Mines)
 H - a +0 buckler (worn)
   (You took it off a spriggan on level 6 of the Lair of Beasts)
 I - quicksilver dragon scales (melded)
   (You took it off a minotaur in a Gauntlet)
 Q - a +2 cloak of poison resistance (worn)
   (You found it in a Gauntlet)
 Y - a +2 hat of willpower (worn)
   (You acquired it on level 3 of the Lair of Beasts)
Magical Staves
 V - a staff of air
   (You found it on level 1 of the Lair of Beasts)
Jewellery
 c - a ring of protection from cold (right hand)
   (You bought it in a shop on level 2 of the Orcish Mines)
 f - a ring of protection from fire (left hand)
   (You bought it in a shop on level 2 of the Orcish Mines)
 m - the amulet of Vitality (around neck) {Regen+ HP+15}
   (You bought it in a shop on level 2 of the Orcish Mines)

   [amulet of regeneration]

   It affects your health (+15).
   It increases your rate of regeneration.
 n - a ring of positive energy
   (You found it on level 1 of the Dungeon)
 p - a ring of poison resistance
   (You found it on level 3 of the Dungeon)
 D - a +6 ring of intelligence
   (You found it on level 3 of the Vaults)
Wands
 E - a wand of digging (6) {@v3}
   (You found it on level 7 of the Dungeon)
 G - a wand of mindburst (11)
   (You found it on level 1 of the Lair of Beasts)
 O - a wand of acid (27) {@v1}
   (You found it on level 2 of the Snake Pit)
Scrolls
 a - a scroll of enchant armour
 g - 18 scrolls of identify {@r1}
 h - 14 scrolls of teleportation {@r3 !r}
 k - 8 scrolls of fog {!r}
 l - 5 scrolls of vulnerability
 q - 2 scrolls of holy word
 y - 8 scrolls of blinking {@r4}
 C - 6 scrolls of amnesia
 M - 3 scrolls of magic mapping {@r5 !r}
 P - 5 scrolls of fear {!r}
Potions
 i - 2 potions of berserk rage
 o - 2 potions of might {@q3 !q}
 r - 3 potions of haste {@q4 !q}
 s - 2 potions of magic {!q}
 t - 5 potions of flight
 u - 3 potions of ambrosia {!q}
 v - 2 potions of cancellation {!q}
 w - 8 potions of heal wounds {@q2 !q}
 z - 3 potions of invisibility {!q}
 A - 19 potions of curing {@q1 !q}
 B - 2 potions of brilliance
 J - 5 potions of mutation
Miscellaneous
 j - a phantom mirror
   (You found it on level 4 of the Lair of Beasts)
 L - a condenser vane
   (You found it on level 9 of the Dungeon)
 T - a box of beasts (inert)
   (You found it on level 5 of the Lair of Beasts)


   Skills:
 + Level 8.3 Fighting
 - Level 8.0(13.5) Short Blades
 - Level 13.5(14.0) Long Blades
 - Level 3.0 Armour
 + Level 19.8 Dodging
 - Level 13.0 Stealth
 - Level 7.2 Shields
 - Level 15.0 Spellcasting
 - Level 10.0 Hexes
 - Level 15.0 Transmutations
 - Level 10.0 Earth Magic
 * Level 14.1 Invocations
 - Level 9.0 Evocations


You had 23 spell levels left.
You knew the following spells:

 Your Spells              Type           Power        Failure   Level
a - Stone Arrow           Conj/Erth      72%          1%          3
b - Ensorcelled Hibernat  Hex/Ice        72%          1%          2
c - Confusing Touch       Hex            55%          1%          3
d - Tukima's Dance        Hex            55%          1%          3
e - Yara's Violent Unrav  Hex/Tmut       31%          1%          5
f - Statue Form           Tmut/Erth      41%          3%          6
p - Petrify               Tmut/Erth      62%          1%          4

Your spell library contained the following spells:

 Spells                   Type           Power        Failure   Level
 Beastly Appendage        Tmut           100%         0%          1
 Corona                   Hex            61%          1%          1
 Sting                    Tmut/Pois      100%         1%          1
 Slow                     Hex            55%          1%          2
 Dazzling Flash           Conj/Hex       72%          1%          3
 Ignite Poison            Fire/Tmut/Pois 36%          1%          3
 Inner Flame              Hex/Fire       36%          1%          3
 Portal Projectile        Hex/Tloc       72%          1%          3
 Summon Guardian Golem    Hex/Summ       36%          1%          3
 Cause Fear               Hex            27%          1%          4
 Leda's Liquefaction      Hex/Erth       27%          1%          4
 Animate Skeleton         Necr           30%          3%          1
 Apportation              Tloc           30%          3%          1
 Foxfire                  Conj/Fire      60%          3%          1
 Pain                     Necr           60%          3%          1
 Summon Small Mammal      Summ           60%          3%          1
 Animate Armour           Summ/Erth      72%          4%          4
 Alistair's Intoxication  Tmut/Pois      31%          4%          5
 Call Imp                 Summ           15%          6%          2
 Corpse Rot               Necr/Air       N/A          6%          2
 Poisonous Vapours        Pois/Air       30%          6%          2
 Sublimation of Blood     Necr           7%           6%          2
 Invisibility             Hex            55%          10%         6
 Call Canine Familiar     Summ           15%          12%         3
 Conjure Flame            Conj/Fire      15%          12%         3
 Gell's Gravitas          Tloc           7%           12%         3
 Lesser Beckoning         Tloc           7%           12%         3
 Mephitic Cloud           Conj/Pois/Air  15%          12%         3
 Vampiric Draining        Necr           7%           12%         3
 Metabolic Englaciation   Hex/Ice        18%          14%         5
 Bolt of Magma            Conj/Fire/Erth 14%          28%         5
 Animate Dead             Necr           7%           36%         4
 Dispel Undead            Necr           15%          36%         4
 Manifold Assault         Tloc           15%          36%         4
 Olgreb's Toxic Radiance  Pois           15%          36%         4
 Passage of Golubria      Tloc           N/A          36%         4
 Sticky Flame             Conj/Fire      15%          36%         4
 Summon Ice Beast         Ice/Summ       15%          36%         4
 Summon Lightning Spire   Summ/Air       15%          36%         4
 Iron Shot                Conj/Erth      18%          58%         6
 Agony                    Necr           15%          71%         5
 Excruciating Wounds      Necr           7%           71%         5
 Fireball                 Conj/Fire      7%           71%         5
 Dispersal                Tloc           7%           99%         6
 Starburst                Conj/Fire      7%           99%         6
 Disjunction              Tloc           7%           100%        8
 Ignition                 Fire           7%           100%        8
 Shatter                  Erth           27%          100%        9


Dungeon Overview and Level Annotations

Branches:
Dungeon (15/15)            Temple (0/1) D:4            Lair (6/6) D:10
  Swamp (4/4) Lair:2        Snake (4/4) Lair:3        Slime (0/5) Lair:5
    Orc (2/2) D:11            Elf (0/3) Orc:2        Vaults (4/5) D:13
  Crypt (0/3) Vaults:2     Depths (0/5) D:15        Gauntlet (visited)

Altars:
Ashenzari
Dithmenos
Elyvilon
Gozag
Kikubaaqudgha
Makhleb
Nemelex Xobeh
Qazlal
Ru
Sif Muna
Trog
Wu Jian
Xom
Yredelemnul
Zin
The Shining One

Shops:
D:9 *   D:13 !:   Orc:2 [=(=   Snake:2 *?   Vaults:1 (   Vaults:4 (

Annotations:
D:5 Edmund, Grinder, Menkaure
D:6 2 transporters, Foxy's ghost, novice FeTm
D:8 1 runed translucent door, tinescath's ghost, novice OgFE
D:13 Louise
D:14 Roxanne
Lair:1 1 runed translucent door, Doupopreupt's ghost, novice MiFi
Lair:2 exclusion: 2 death yaks
Lair:3 1 runed translucent door, Giomnon's ghost, journeyman DEFE
Lair:5 exclusion: 2 oklob plants
Lair:6 exclusion: oklob plant


Innate Abilities, Weirdness & Mutations

You are very small and have problems with some larger weapons.
You are too small for most types of armour.
You have supernaturally acute eyesight. (SInv)
((You cover ground extremely quickly.))


Message History

Really quaff
w - 11 potions of heal wounds {@q2 !q}?
You feel much better.
You revert to your normal fleshy form.
Your quicksilver dragon scales unmelds from your body.
The starcursed mass barely misses you.
A starcursed mass splits.
You hit the starcursed mass but do no damage.
The starcursed mass completely misses you.
You riposte.
You hit the starcursed mass but do no damage.
You hit the starcursed mass.
The starcursed mass is moderately damaged.
The starcursed mass shudders and is absorbed by its neighbour.
A starcursed mass splits.
You feel protected.
The starcursed mass is no longer moving slowly.
The angel completely misses you.
You riposte.
You barely miss the angel.
The angel is moderately wounded.
The angel hits you with a +3 sacred scourge of holy wrath!
* * * LOW HITPOINT WARNING * * *
The apocalypse crab breathes chaos at you.
The blast of chaos engulfs the angel.
The angel is moving more slowly.
The angel is engulfed in seething chaos.
The angel seems to speed up.
The angel completely misses you. The angel misses you.
You're standing in a cloud of seething chaos!
Really quaff
o - 3 potions of might {@q3 !q}?
You feel very mighty all of a sudden.
You are engulfed in seething chaos.
You feel mightier all of a sudden.
The starcursed mass is no longer moving slowly. x4
The angel is engulfed in seething chaos.
The angel flickers and vanishes for a moment.
You block the angel's attack.
The angel hits you with a +3 sacred scourge of holy wrath!
* * * LOW HITPOINT WARNING * * *
The starcursed mass is engulfed in seething chaos.
The angel is engulfed in seething chaos.
The angel seems to grow stronger.
The angel hits you with a +3 sacred scourge of holy wrath.
* * * LOW HITPOINT WARNING * * *
The angel hits you with a +3 sacred scourge of holy wrath!!
* * * LOW HITPOINT WARNING * * *
The starcursed mass is engulfed in seething chaos.
The apocalypse crab is engulfed in seething chaos.
The starcursed mass is engulfed in seething chaos.
Really quaff
w - 10 potions of heal wounds {@q2 !q}?
You feel much better.
You are engulfed in seething chaos.
The angel is engulfed in seething chaos.
The angel closely misses you.
You riposte.
You hit the angel but do no damage.
The angel is moderately wounded.
The angel closely misses you.
The starcursed mass is engulfed in seething chaos. x2
The starcursed mass seems to grow stronger.
The angel is engulfed in seething chaos.
The angel hits you with a +3 sacred scourge of holy wrath!
* * * LOW HITPOINT WARNING * * *
The angel hits you with a +3 sacred scourge of holy wrath.
* * * LOW HITPOINT WARNING * * *
The starcursed mass is engulfed in seething chaos.
The starcursed mass seems to slow down.
The starcursed mass is engulfed in seething chaos.
The starcursed mass seems to grow stronger.
You slash the apocalypse crab!
The apocalypse crab is moderately wounded.
You block the angel's attack. x2; The apocalypse crab misses you.
The apocalypse crab claws you.
* * * LOW HITPOINT WARNING * * *
Unknown command.
Blink to where?
Press: ? - help, Dir - move target, p - angel
As you read the scroll of blinking {@r4}, it crumbles to dust.
The starcursed mass misses you.
Casting: Ensorcelled Hibernation (safe; 2% risk of failure)
Confirm with . or Enter, or press ? or * to list all spells.
You turn into a living statue of rough stone.
Your quicksilver dragon scales melds into your body.
A deafening chorus of shrieks assaults your mind!
* * * LOW HITPOINT WARNING * * *
The small abomination closely misses you.
You riposte.
You slice the small abomination!!
You destroy the small abomination!
The smoke demon gestures at you. Something smites you!
* * * LOW HITPOINT WARNING * * *
The starcursed mass completely misses you.
You riposte.
You slice the starcursed mass!!
You destroy the starcursed mass!
Okay, then.
Really quaff
w - 9 potions of heal wounds {@q2 !q}?
You feel much better.
The angel stops moving altogether!
A deafening chorus of shrieks assaults your mind!
* * * LOW HITPOINT WARNING * * *
The smoke demon gestures at you. Something smites you!
* * * LOW HITPOINT WARNING * * *
The starcursed mass completely misses you.
The small abomination hits you but does no damage.
A deafening chorus of shrieks assaults your mind!
You die...
Your body glows with a rainbow of weird colours and disappears.

. . .# # ## ..
# # >. .# .#.
# .###.# . X
)...§ #
##X###..# # .
3#8## #..... .
.### #..##..#.
#
......#X#xX#.#
. . .
#.###3XX#
#....#.3
....## # ..
###Xt.#XA# # #
# ## #Xt# # .
#.X### # .
#..#


You could see 7 starcursed masses, an angel (fast, strong, invisible,
petrified), an apocalypse crab (invisible), a smoke demon and a small
abomination.

Vanquished Creatures
  Bai Suzhen (Swamp:3)
  2 tentacled monstrosities
  Rupert (Orc:2)
  Gastronok (Orc:1)
  3 sphinxes
  2 thorn hunters
  A storm dragon (shapeshifter) (Vaults:3)
  4 tentacled starspawn (Abyss:3)
  4 nagarajas
  3 fire giants
  2 tengu reavers
  9 vault wardens
  An orc warlord (Vaults:1)
  2 frost giants
  A cacodemon (Abyss:3)
  A war gargoyle (Vaults:1)
  8 ironheart preservers
  A green draconian (Abyss:3)
  2 stone giants
  An entropy weaver (Vaults:4)
  5 bunyips
  A deep elf annihilator (Vaults:3)
  A lorocyproca (Abyss:3)
  2 deep elf death magi (Vaults:3)
  Snorg (D:12)
  7 eleionomae
  2 fire dragons
  An ettin (Vaults:1)
  2 vault guards (Vaults:4)
  4 shambling mangroves
  4 yaktaur captains
  3 great orbs of eyes
  2 ice dragons (Vaults:3)
  3 rakshasas
  4 boulder beetles
  10 naga warriors
  15 anacondas
  5 ghost crabs
  28 hydras
  7 centaur warriors
  6 ogre magi
  2 death knights
  A dancing weapon (D:13)
  Erica (D:9)
  2 deep troll shamans
  17 two-headed ogres
  11 alligators
  2 death yaks
  A spriggan berserker (Swamp:4)
  6 naga sharpshooters
  3 shock serpents
  5 deep elf knights
  4 orc high priests (Orc:2)
  Nergalle (Orc:1)
  4 thrashing horrors (Abyss:3)
  Sonja (Orc:1)
  8 skeletal warriors
  A spatial maelstrom (Abyss:3)
  A sixfirhy (Abyss:3)
  3 salamander mystics
  3 wretched stars
  6 goliath frogs
  A spriggan druid (Swamp:4)
  8 swamp dragons
  16 deep trolls
  3 unseen horrors (D:11)
  A phantasmal warrior (D:13)
  6 starcursed masses (Abyss:3)
  8 deep elf archers
  5 bog bodies
  3 naga ritualists
  A lindwurm (Lair:5)
  10 ironbrand convokers
  4 wizards
  A wolf spider zombie (D:15)
  4 deep elf pyromancers
  2 wolf spiders (Vaults:2)
  An orb spider (Snake:3)
  13 harpies
  2 deep elf zephyrmancers
  A necromancer (Vaults:2)
  16 orc knights
  5 mana vipers
  9 salamanders
  A manticore (D:13)
  7 orc sorcerers
  6 ugly things
  A salamander (shapeshifter) (Vaults:2)
  A cyclops (shapeshifter) (Vaults:1)
  A will-o-the-wisp (Swamp:4)
  A worldbinder (Abyss:3)
  5 cyclopes
  31 black mambas
  4 elephants (Lair:6)
  Maurice (D:11)
  13 guardian serpents
  6 vault sentinels
  2 smoke demons (Abyss:3)
  A human zombie (Vaults:2)
  12 naga magi
  3 orange demons
  12 cane toads
  A gargoyle (D:15)
  2 torpor snails
  An efreet (Abyss:3)
  A hellion (Abyss:3)
  6 komodo dragons
  4 freezing wraiths
  A yaktaur (shapeshifter) (D:15)
  42 yaktaurs
  6 rime drakes
  3 kobold demonologists (D:15)
  A komodo dragon (shapeshifter) (Vaults:2)
  A tormentor (Abyss:3)
  3 hellwings (Abyss:3)
  2 ice devils (Orc:2)
  An ancient zyme (Abyss:3)
  A red devil (D:10)
  6 trolls
  4 tyrant leeches
  4 polar bears
  21 hornets
  3 raiju (Abyss:3)
  2 snapping turtles (shapeshifter)
  A tengu simulacrum (Vaults:2)
  7 slime creatures
  A raiju (shapeshifter) (Gauntlet)
  2 stone giant simulacra
  6 blink frogs
  A vampire (D:12)
  A flying skull (Abyss:3)
  A shadow (D:13)
  7 wyverns
  A tarantella (Vaults:4)
  42 yaks
  8 small abominations (Abyss:3)
  3 redbacks (Vaults:4)
  4 large abominations (Abyss:3)
  5 wraiths
  16 spriggans
  A fire bat (Abyss:3)
  2 steam dragons
  5 golden eyes
  7 basilisks
  A hog (shapeshifter) (D:15)
  12 vampire mosquitoes
  2 neqoxecs (Gauntlet)
  5 wargs
  A human simulacrum (Vaults:2)
  12 swamp worms
  2 yaktaur simulacra (Vaults:2)
  32 nagas
  A hell hound (Lair:5)
  An acid dragon (Vaults:1)
  13 water moccasins
  Duvessa (D:7)
  A floating eye (shapeshifter) (Vaults:2)
  43 orc warriors
  2 ice beasts
  7 black bears
  16 swamp drakes
  A sky beast (shapeshifter) (Vaults:3)
  3 sky beasts
  3 necrophages
  An eye of draining (D:13)
  12 ogres
  6 boggarts
  A boulder beetle simulacrum (Vaults:2)
  25 wolves
  2 centaurs
  6 phantoms
  An orc skeleton (Vaults:2)
  4 kobold brigands
  19 bullfrogs
  A deep troll simulacrum (Vaults:3)
  Dowan (D:7)
  2 wyvern skeletons
  5 scorpions
  11 wights
  5 howler monkeys
  A crimson imp (D:4)
  2 quasits
  2 centaur zombies
  A centaur skeleton (D:7)
  8 hounds
  Crazy Yiuf (D:2)
  16 orc priests
  9 jellies
  A bullfrog skeleton (D:10)
  Jessica (D:2)
  2 iguanas
  8 hell rats
  26 orc wizards
  11 worker ants
  A worker ant (shapeshifter) (Vaults:3)
  2 hound skeletons
  2 worker ant zombies
  3 gnolls
  6 adders
  A shadow imp (D:4)
  2 white imps (D:5)
  4 ufetubi
  An adder skeleton (D:4)
  4 worms
  A dart slug (D:15)
  7 leopard geckos
  92 orcs
  4 giant cockroaches
  7 goblins
  6 hobgoblins
  4 jackals (D:5)
  14 kobolds
  8 quokkas
  3 ball pythons
  4 bats
  4 frilled lizards
  A jackal zombie (D:8)
  A leopard gecko skeleton (D:4)
  9 rats
  3 starspawn tentacles (Abyss:3)
1255 creatures vanquished.

Vanquished Creatures (collateral kills)
  Sojobo (Vaults:4)
  A nagaraja (Snake:4)
  A vault warden (Vaults:3)
  An ironheart preserver (Vaults:2)
  A minotaur (Gauntlet)
  A ghost crab (Swamp:2)
  An anaconda (Snake:4)
  A naga warrior (Snake:3)
  4 two-headed ogres
  A dancing weapon (D:13)
  3 naga sharpshooters (Snake:4)
  A salamander mystic (Snake:4)
  A goliath frog (Swamp:4)
  2 naga ritualists (Snake:4)
  A swamp dragon (Swamp:4)
  An orc knight (Orc:2)
  A will-o-the-wisp (Swamp:4)
  A salamander (Snake:4)
  2 black mambas
  6 guardian serpents
  An orange demon (Abyss:3)
  3 naga magi
  3 fire bats (Abyss:3)
  2 swamp worms
  A water moccasin (shapeshifter) (Gauntlet)
  17 nagas
  4 orc warriors
  7 ogres
  A bullfrog (D:14)
  5 wights
  2 starcursed masses (Abyss:3)
  5 orc wizards
  An adder (D:12)
  16 orcs
100 creatures vanquished.

Vanquished Creatures (others)
  A fire giant (Vaults:1)
  An eleionoma (Swamp:1)
  2 hydras (Swamp:3)
  A goliath frog (Swamp:2)
  A spriggan druid (Swamp:4)
  A deep elf pyromancer (Vaults:2)
  A bloated husk (Swamp:4)
  A slime creature (Vaults:3)
  38 dancing weapons
  A naga (Snake:1)
  2 swamp drakes (Swamp:4)
  A black bear (Lair:5)
  An orc (Orc:2)
  10 foxfires (Swamp:4)
  23 fungi
  A lurking horror (Abyss:3)
  38 plants
  8 starspawn tentacles (Abyss:3)
132 creatures vanquished.

Grand Total: 1487 creatures vanquished

Notes
Turn   | Place    | Note
-------+----------+-------------------------------------------
     0 | D:1      | rednaxela the Spriggan Enchanter began the quest for the
                  | Orb.
     0 | D:1      | Reached XP level 1. HP: 9/9 MP: 5/5
   614 | D:1      | Reached skill level 3 in Dodging
   614 | D:1      | Reached XP level 2. HP: 10/13 MP: 6/6
  1296 | D:1      | Found a sparkling altar of Nemelex Xobeh.
  1300 | D:1      | Became a worshipper of Nemelex Xobeh the Trickster
  1333 | D:2      | Noticed Jessica
  1349 | D:1      | Learned a level 2 spell: Ensorcelled Hibernation
  1695 | D:2      | Killed Jessica
  1696 | D:2      | Reached skill level 5 in Stealth
  1696 | D:2      | Reached skill level 4 in Hexes
  1696 | D:2      | Reached XP level 3. HP: 11/16 MP: 4/8
  1802 | D:2      | Reached skill level 2 in Short Blades
  2126 | D:2      | Found a runed translucent door.
  2127 | D:2      | Noticed Crazy Yiuf
  2135 | D:2      | Killed Crazy Yiuf
  2136 | D:2      | Reached skill level 1 in Invocations
  2136 | D:2      | Reached XP level 4. HP: 21/21 MP: 6/9
  2515 | D:2      | Found a white marble altar of Elyvilon.
  2557 | D:2      | Found a faded altar of an unknown god.
  2665 | D:3      | Found a shimmering blue altar of Sif Muna.
  2692 | D:3      | Learned a level 3 spell: Confusing Touch
  3517 | D:3      | Reached skill level 2 in Invocations
  3645 | D:4      | Noticed an ogre
  3659 | D:3      | Reached XP level 5. HP: 23/24 MP: 6/10
  3811 | D:3      | Learned a level 3 spell: Tukima's Dance
  3853 | D:3      | Killed an ogre
  3854 | D:3      | Reached skill level 4 in Dodging
  4116 | D:4      | Reached skill level 3 in Invocations
  4116 | D:4      | Reached XP level 6. HP: 28/28 MP: 5/11
  4375 | D:4      | Reached skill level 3 in Short Blades
  4375 | D:4      | Reached skill level 6 in Stealth
  4393 | D:4      | Found a staircase to the Ecumenical Temple.
  4508 | D:4      | Found a burning altar of Makhleb.
  4580 | D:4      | Found an ornate altar of the Wu Jian Council.
  4623 | D:4      | Found a sacrificial altar of Ru.
  4657 | D:5      | Entered Level 5 of the Dungeon
  4848 | D:5      | Reached * piety under Nemelex Xobeh
  4854 | D:5      | Noticed Grinder
  4897 | D:5      | Reached skill level 5 in Hexes
  4996 | D:5      | Noticed Edmund
  5241 | D:5      | Noticed Menkaure
  5380 | D:6      | Reached XP level 7. HP: 28/32 MP: 8/12
  5389 | D:6      | Reached skill level 4 in Invocations
  5535 | D:6      | Identified the +4 dire flail of the Mind {drain, +Inv rPois
                  | rN+}
  5535 | D:6      | Identified the +6 great mace of the Final Mice {drain,
                  | Str+3 SInv}
  5535 | D:6      | Noticed a two-headed ogre
  5535 | D:6      | Noticed Foxy's ghost (novice FeTm)
  5536 | D:6      | Found a transporter.
  5625 | D:6      | Found a transporter.
  5625 | D:6      | Received a gift from Nemelex Xobeh
  5671 | D:6      | Reached skill level 5 in Dodging
  6096 | D:6      | Reached skill level 7 in Stealth
  6522 | D:6      | Reached skill level 4 in Short Blades
  6646 | D:6      | You fall into a shaft and drop 2 floors!
  6824 | D:8      | Reached ** piety under Nemelex Xobeh
  6894 | D:6      | Reached skill level 6 in Hexes
  6894 | D:6      | Reached XP level 8. HP: 28/36 MP: 5/13
  7035 | D:7      | Found a shadowy altar of Dithmenos.
  7153 | D:7      | Reached skill level 6 in Dodging
  7167 | D:7      | Noticed Duvessa
  7167 | D:7      | Noticed Dowan
  7574 | D:7      | Reached skill level 5 in Invocations
  8060 | D:7      | Reached skill level 8 in Stealth
  8269 | D:7      | Found a glowing silver altar of Zin.
  8295 | D:7      | Killed Duvessa
  8324 | D:7      | Killed Dowan
  8325 | D:7      | Reached skill level 5 in Short Blades
  8669 | D:7      | Received a gift from Nemelex Xobeh
  8985 | D:8      | Found a stormy altar of Qazlal.
  9212 | D:7      | Reached skill level 7 in Dodging
  9212 | D:7      | Reached skill level 7 in Hexes
  9400 | D:8      | Reached skill level 9 in Stealth
  9474 | D:8      | Reached XP level 9. HP: 39/39 MP: 14/14
  9817 | D:8      | Found a runed translucent door.
  9817 | D:8      | Found a shimmering altar of Xom.
  9817 | D:8      | Noticed tinescath's ghost (novice OgFE)
  9817 | D:8      | Noticed a +2 short sword of chaos
 10020 | D:8      | Reached skill level 6 in Invocations
 10595 | D:9      | Noticed a two-headed ogre
 10604 | D:8      | Reached skill level 6 in Short Blades
 10735 | D:9      | Reached skill level 8 in Dodging
 10988 | D:9      | Killed a two-headed ogre
 10989 | D:9      | Reached skill level 10 in Stealth
 10989 | D:9      | Reached skill level 8 in Hexes
 11081 | D:9      | Reached skill level 3 in Spellcasting
 11150 | D:9      | Noticed Erica
 11193 | D:9      | Killed Erica
 11194 | D:9      | Reached skill level 5 in Spellcasting
 11194 | D:9      | Reached XP level 10. HP: 35/44 MP: 9/19
 11267 | D:9      | Received a gift from Nemelex Xobeh
 11362 | D:9      | Reached *** piety under Nemelex Xobeh
 11531 | D:9      | Found a broken altar of Ashenzari.
 11534 | D:9      | Found an opulent altar of Gozag.
 11542 | D:9      | Found a glowing golden altar of the Shining One.
 11543 | D:9      | Found a sparkling altar of Nemelex Xobeh.
 11544 | D:9      | Found a bloodstained altar of Trog.
 11577 | D:9      | Found Abbarphi's Assorted Antiques.
 11585 | D:9      | Reached skill level 6 in Spellcasting
 11912 | D:10     | Entered Level 10 of the Dungeon
 11986 | D:10     | Reached skill level 7 in Short Blades
 12008 | D:10     | Reached skill level 7 in Spellcasting
 12091 | D:10     | Noticed a two-headed ogre
 12117 | D:10     | Killed a two-headed ogre
 12220 | D:10     | Noticed an orange demon
 12222 | D:10     | Noticed an orange demon
 12463 | D:9      | Killed an orange demon
 12464 | D:9      | Reached skill level 8 in Short Blades
 12464 | D:9      | Reached skill level 8 in Spellcasting
 12885 | D:10     | Reached skill level 9 in Spellcasting
 12972 | D:10     | Received a gift from Nemelex Xobeh
 13317 | D:10     | Killed an orange demon
 13399 | D:10     | Reached skill level 10 in Spellcasting
 13609 | D:10     | Noticed an orange demon
 13771 | D:10     | Killed an orange demon
 13774 | D:10     | Reached skill level 9 in Hexes
 13793 | D:10     | Found a staircase to the Lair.
 13835 | D:10     | Reached XP level 11. HP: 47/47 MP: 18/26
 14057 | Lair:1   | Entered Level 1 of the Lair of Beasts
 14099 | Lair:1   | Reached skill level 10 in Hexes
 14224 | Lair:1   | Reached **** piety under Nemelex Xobeh
 14341 | Lair:1   | Received a gift from Nemelex Xobeh
 14361 | Lair:1   | Reached skill level 1 in Fighting
 14361 | Lair:1   | Reached skill level 7 in Invocations
 14456 | Lair:1   | Reached skill level 9 in Dodging
 14518 | Lair:1   | Found a runed translucent door.
 14518 | Lair:1   | Noticed Doupopreupt's ghost (novice MiFi)
 14687 | Lair:1   | Reached skill level 11 in Stealth
 15170 | Lair:2   | Found a staircase to the Swamp.
 15170 | Lair:2   | Noticed a bog body
 15206 | Lair:2   | Received a gift from Nemelex Xobeh
 15300 | Lair:2   | Reached ***** piety under Nemelex Xobeh
 15300 | Lair:2   | You fall into a shaft and drop 2 floors!
 15335 | Lair:4   | Reached skill level 2 in Fighting
 15401 | Lair:3   | Received a gift from Nemelex Xobeh
 16012 | Lair:3   | Found a staircase to the Snake Pit.
 16289 | Lair:3   | Found a runed translucent door.
 16297 | Lair:3   | Noticed Giomnon's ghost (journeyman DEFE)
 16588 | Lair:2   | Reached skill level 3 in Fighting
 16610 | Lair:2   | Reached skill level 10 in Dodging
 16610 | Lair:2   | Reached skill level 12 in Stealth
 16802 | Lair:2   | Reached skill level 8 in Invocations
 16885 | Lair:2   | Received a gift from Nemelex Xobeh
 16994 | Lair:2   | Killed a bog body
 17205 | Lair:2   | Noticed an eight-headed hydra
 17505 | Lair:2   | Noticed a death yak
 17520 | Lair:2   | Noticed a death yak
 17614 | Lair:2   | Reached XP level 12. HP: 58/58 MP: 24/27
 17866 | Lair:2   | Killed an eight-headed hydra
 18124 | Lair:3   | Reached skill level 4 in Fighting
 18289 | Lair:3   | Received a gift from Nemelex Xobeh
 18962 | Lair:3   | Identified a scroll of acquirement
 18962 | Lair:3   | Acquired a +1 hat of willpower
 19058 | Lair:4   | Reached skill level 13 in Stealth
 19193 | Lair:4   | Reached skill level 11 in Dodging
 19211 | Lair:4   | Acquired 1035 gold pieces
 19434 | Lair:5   | Received a gift from Nemelex Xobeh
 19633 | Lair:5   | Noticed a six-headed hydra
 19680 | Lair:5   | Reached skill level 9 in Invocations
 19697 | Lair:5   | Killed a six-headed hydra
 19698 | Lair:5   | Reached skill level 5 in Fighting
 19698 | Lair:5   | Reached skill level 2 in Evocations
 19801 | Lair:5   | Reached skill level 3 in Evocations
 19869 | Lair:5   | Reached skill level 4 in Evocations
 20033 | Lair:5   | Reached skill level 5 in Evocations
 20211 | Lair:5   | Noticed a death yak
 20212 | Lair:5   | Noticed a death yak
 20215 | Lair:5   | Reached skill level 6 in Evocations
 20216 | Lair:5   | Killed a death yak
 20217 | Lair:5   | Reached skill level 7 in Evocations
 20251 | Lair:4   | Killed a death yak
 20275 | Lair:5   | Reached skill level 8 in Evocations
 20436 | Lair:5   | Noticed an eight-headed hydra
 20436 | Lair:5   | Noticed a seven-headed hydra
 20440 | Lair:5   | Killed an eight-headed hydra
 20440 | Lair:5   | Killed a seven-headed hydra
 20441 | Lair:5   | Reached skill level 9 in Evocations
 20924 | Lair:5   | Found a staircase to the Slime Pits.
 20957 | Lair:6   | Entered Level 6 of the Lair of Beasts
 20957 | Lair:6   | Received a gift from Nemelex Xobeh
 20977 | Lair:6   | Noticed a boulder beetle
 20980 | Lair:6   | Found a gate leading to a gauntlet.
 20998 | Gauntlet | Entered a Gauntlet
 20998 | Gauntlet | Found a transporter.
 20998 | Gauntlet | Found a transporter.
 21102 | Gauntlet | Found a transporter.
 21107 | Gauntlet | Found a transporter.
 21132 | Gauntlet | Found a transporter.
 21136 | Gauntlet | Found a transporter.
 21136 | Gauntlet | Found a transporter.
 21145 | Gauntlet | Reached ****** piety under Nemelex Xobeh
 21160 | Gauntlet | Found a transporter.
 21167 | Gauntlet | Found a transporter.
 21176 | Gauntlet | Received a gift from Nemelex Xobeh
 21179 | Gauntlet | Found a transporter.
 21188 | Gauntlet | Found a transporter.
 21197 | Gauntlet | Found a transporter.
 21231 | Gauntlet | Found a transporter.
 21247 | Gauntlet | Found a transporter.
 21347 | Gauntlet | Found a transporter.
 21361 | Gauntlet | Found a transporter.
 21616 | Gauntlet | Noticed an anaconda
 21644 | Gauntlet | Reached XP level 13. HP: 49/63 MP: 13/28
 22204 | Gauntlet | Noticed a minotaur
 22228 | Gauntlet | Killed a minotaur
 22243 | Gauntlet | Identified Sif Muna's Compendium of Burning Earth
 22266 | Lair:6   | Reached skill level 12 in Dodging
 22903 | Lair:5   | Reached skill level 13 in Dodging
 23275 | Lair:6   | Reached skill level 14 in Dodging
 23662 | Lair:6   | Received a gift from Nemelex Xobeh
 23676 | Lair:6   | Reached skill level 15 in Dodging
 23892 | Lair:6   | Identified the +7 lajatang of Bread {flame, Str+2 Dex+4}
 23894 | Lair:6   | Reached skill level 16 in Dodging
 24086 | Lair:6   | Received a gift from Nemelex Xobeh
 24222 | Lair:6   | Reached skill level 17 in Dodging
 24921 | Lair:6   | Reached skill level 18 in Dodging
 24921 | Lair:6   | Reached skill level 11 in Spellcasting
 26044 | D:11     | Found a staircase to the Orcish Mines.
 26050 | D:11     | Reached skill level 12 in Spellcasting
 26234 | D:11     | Noticed Maurice
 26249 | D:11     | Killed Maurice
 26640 | D:11     | Reached XP level 14. HP: 68/68 MP: 18/31
 26973 | D:11     | Reached skill level 13 in Spellcasting
 27121 | D:12     | Noticed Snorg
 27166 | D:12     | Killed Snorg
 27966 | D:12     | Reached skill level 14 in Spellcasting
 28064 | D:12     | Received a gift from Nemelex Xobeh
 28311 | D:13     | Found Poexi's Distillery.
 28315 | D:13     | Bought a potion of heal wounds for 55 gold pieces
 28342 | D:13     | Found Uneumihin's Book Boutique.
 28350 | D:13     | Bought a book of the Earth for 845 gold pieces
 28354 | D:13     | Learned a level 3 spell: Stone Arrow
 28424 | D:13     | Reached skill level 1 in Earth Magic
 28622 | D:13     | Found a flagged portal.
 28692 | D:13     | Reached skill level 2 in Earth Magic
 29090 | D:13     | Reached skill level 3 in Earth Magic
 29173 | D:13     | Found a gate to the Vaults.
 29847 | Orc:1    | Entered Level 1 of the Orcish Mines
 29847 | Orc:1    | Noticed Gastronok
 29928 | Orc:1    | Killed Gastronok
 29929 | Orc:1    | Reached skill level 4 in Earth Magic
 30174 | Orc:2    | Entered Level 2 of the Orcish Mines
 30174 | Orc:2    | Found a staircase to the Elven Halls.
 30232 | Orc:2    | Received a gift from Nemelex Xobeh
 30287 | Orc:2    | Noticed Rupert
 30456 | Orc:2    | Killed Rupert
 30457 | Orc:2    | Reached skill level 5 in Earth Magic
 30792 | Orc:2    | Reached skill level 6 in Earth Magic
 32065 | Orc:2    | Reached skill level 7 in Earth Magic
 32715 | Orc:2    | Found Faigu Ufe's Jewellery Shoppe.
 32715 | Orc:2    | Found Xasufe's Armour Shop.
 32717 | Orc:2    | Found Jyask's Weapon Shoppe.
 32717 | Orc:2    | Found Posufu's Jewellery Shop.
 33008 | Orc:1    | Received a gift from Nemelex Xobeh
 33011 | Orc:1    | Reached skill level 8 in Earth Magic
 33075 | Orc:1    | Noticed Sonja
 33190 | Orc:1    | Killed Sonja
 33364 | Orc:1    | Noticed Nergalle
 33381 | Orc:1    | Killed Nergalle
 34751 | Orc:2    | Bought the amulet of Vitality {Regen+ HP+15} for 1185 gold
                  | pieces
 34751 | Orc:2    | Found the amulet of Vitality {Regen+ HP+15}
 34889 | Orc:2    | Bought a ring of protection from cold for 375 gold pieces
 34889 | Orc:2    | Bought a ring of protection from fire for 375 gold pieces
 35283 | D:14     | Noticed Louise
 35285 | D:14     | Received a gift from Nemelex Xobeh
 35647 | D:13     | Found Uneumihin's Book Boutique.
 35663 | D:13     | Found Poexi's Distillery.
 35773 | D:13     | Found a gate to the Vaults.
 36188 | D:14     | Reached skill level 9 in Earth Magic
 36247 | D:14     | Identified Roxanne's Volume of Changing
 36247 | D:14     | Noticed Roxanne
 36567 | D:14     | Reached XP level 15. HP: 72/72 MP: 19/34
 36700 | D:14     | Received a gift from Nemelex Xobeh
 36980 | D:15     | Entered Level 15 of the Dungeon
 37077 | D:14     | Upgraded the game from 0.27-a0-412-g8dd771eca2 to
                  | 0.27-a0-416-gca2cecf3c0
 37609 | D:15     | Found an opulent altar of Gozag.
 37645 | D:15     | Received a gift from Nemelex Xobeh
 37849 | D:15     | Reached skill level 10 in Earth Magic
 37886 | D:15     | Received a gift from Nemelex Xobeh
 38087 | D:15     | Reached skill level 1 in Shields
 38200 | D:15     | Reached skill level 2 in Shields
 38833 | D:15     | Reached skill level 3 in Shields
 39094 | D:15     | Reached skill level 4 in Shields
 39176 | D:15     | Found a staircase to the Depths.
 39468 | Swamp:1  | Entered Level 1 of the Swamp
 39595 | Snake:1  | Entered Level 1 of the Snake Pit
 40153 | Lair:3   | Found a staircase to the Snake Pit.
 40312 | Lair:3   | Reached skill level 5 in Shields
 40861 | Snake:1  | Identified a crystal quarterstaff
 41386 | Snake:1  | Reached skill level 6 in Shields
 41931 | Snake:1  | Reached skill level 7 in Shields
 42088 | Snake:1  | Learned a level 6 spell: Statue Form
 42119 | Snake:1  | Reached skill level 1 in Transmutations
 42271 | Snake:2  | Reached skill level 2 in Transmutations
 42406 | Snake:2  | Reached skill level 3 in Transmutations
 42469 | Snake:2  | Reached skill level 4 in Transmutations
 42596 | Snake:2  | Reached skill level 5 in Transmutations
 42669 | Snake:2  | Identified the +7 morningstar "Guik" {venom, rC+ Int+3}
 42741 | Snake:2  | Reached skill level 6 in Transmutations
 43146 | Snake:2  | Reached skill level 7 in Transmutations
 43146 | Snake:2  | Reached XP level 16. HP: 66/76 MP: 25/35
 43366 | Snake:2  | Found Mamoh's Magic Scroll Boutique.
 43366 | Snake:2  | You fall into a shaft and drop 1 floor!
 43379 | Snake:4  | Entered Level 4 of the Snake Pit
 43379 | Snake:4  | Received a gift from Nemelex Xobeh
 43431 | Snake:2  | Identified an ancient short sword
 43433 | Snake:2  | Found Goeras's Assorted Antiques.
 43454 | Snake:2  | Bought a scroll of magic mapping for 73 gold pieces
 43454 | Snake:2  | Bought a scroll of magic mapping for 73 gold pieces
 43546 | Snake:2  | Reached skill level 8 in Transmutations
 43786 | Snake:3  | Reached skill level 9 in Transmutations
 44435 | Snake:3  | Reached skill level 10 in Transmutations
 44686 | Snake:4  | Received a gift from Nemelex Xobeh
 44875 | Snake:3  | Learned a level 4 spell: Petrify
 45008 | Snake:4  | Reached skill level 11 in Transmutations
 45461 | Snake:4  | Received a gift from Nemelex Xobeh
 45586 | Snake:4  | Reached skill level 12 in Transmutations
 46096 | Snake:4  | Reached skill level 13 in Transmutations
 46341 | Snake:4  | Reached skill level 14 in Transmutations
 46620 | Snake:4  | Reached skill level 15 in Transmutations
 46650 | Snake:4  | Reached skill level 1 in Armour
 46840 | Snake:4  | Reached skill level 2 in Armour
 47073 | Snake:4  | Got a serpentine rune of Zot
 47476 | Lair:2   | Reached skill level 3 in Armour
 47738 | Swamp:1  | Reached skill level 1 in Long Blades
 47847 | Swamp:1  | Reached skill level 2 in Long Blades
 47862 | Swamp:1  | Reached XP level 17. HP: 80/80 MP: 36/36
 47954 | Swamp:1  | Reached skill level 3 in Long Blades
 48089 | Swamp:1  | Received a gift from Nemelex Xobeh
 48340 | Swamp:2  | Reached skill level 4 in Long Blades
 48608 | Swamp:2  | Reached skill level 5 in Long Blades
 49067 | Swamp:3  | Reached skill level 6 in Long Blades
 49225 | Swamp:3  | Received a gift from Nemelex Xobeh
 49334 | Swamp:3  | Reached skill level 7 in Long Blades
 49609 | Swamp:3  | Noticed Bai Suzhen
 49631 | Swamp:3  | Killed Bai Suzhen
 49632 | Swamp:3  | Reached skill level 8 in Long Blades
 50057 | Swamp:4  | Entered Level 4 of the Swamp
 50324 | Swamp:4  | Reached skill level 9 in Long Blades
 50671 | Swamp:4  | Received a gift from Nemelex Xobeh
 50932 | Swamp:4  | Reached skill level 10 in Long Blades
 50970 | Swamp:4  | Noticed a tentacled monstrosity
 50987 | Swamp:4  | Killed a tentacled monstrosity
 51006 | Swamp:4  | Reached XP level 18. HP: 76/84 MP: 37/37
 51132 | Swamp:4  | Reached skill level 11 in Long Blades
 51143 | Swamp:4  | Got a decaying rune of Zot
 51446 | Vaults:1 | Entered Level 1 of the Vaults
 51454 | D:13     | Identified a pitted long sword (You found it on level 13 of
                  | the Dungeon)
 51478 | Vaults:1 | Received a gift from Nemelex Xobeh
 51668 | Vaults:1 | Learned a level 5 spell: Yara's Violent Unravelling
 51736 | Vaults:1 | Received a gift from Nemelex Xobeh
 51971 | Vaults:1 | Reached skill level 12 in Long Blades
 52301 | Vaults:1 | Identified Zaromana's Tome of the Shifting Blaze
 52571 | Vaults:1 | Found Biawodul's Weapon Emporium.
 52574 | Vaults:1 | Received a gift from Nemelex Xobeh
 52603 | Vaults:1 | Reached skill level 13 in Long Blades
 53167 | Vaults:1 | Received a gift from Nemelex Xobeh
 53748 | Vaults:2 | Reached skill level 10 in Invocations
 53772 | Vaults:2 | Found a staircase to the Crypt.
 53772 | Vaults:2 | Found a basalt altar of Yredelemnul.
 53773 | Vaults:2 | Found an ancient bone altar of Kikubaaqudgha.
 54061 | Vaults:2 | Paralysed by a floating eye for 3 turns
 54557 | Vaults:2 | Reached XP level 19. HP: 85/85 MP: 32/38
 54713 | Vaults:2 | Received a gift from Nemelex Xobeh
 55458 | Vaults:3 | Reached skill level 11 in Invocations
 55518 | Vaults:3 | Reached skill level 6 in Fighting
 55912 | Vaults:3 | Received a gift from Nemelex Xobeh
 55948 | Vaults:3 | Reached skill level 15 in Spellcasting
 56200 | Vaults:3 | Reached skill level 12 in Invocations
 56270 | Vaults:3 | Received a gift from Nemelex Xobeh
 56679 | Vaults:3 | Reached skill level 19 in Dodging
 56768 | Vaults:3 | Reached skill level 7 in Fighting
 57279 | Vaults:4 | Received a gift from Nemelex Xobeh
 57399 | Vaults:4 | Reached skill level 13 in Invocations
 57621 | Vaults:4 | Found Heid's Antique Weapon Boutique.
 57661 | Vaults:4 | Reached XP level 20. HP: 97/97 MP: 35/40
 57684 | Vaults:4 | Bought a runed demon blade for 684 gold pieces
 57846 | Vaults:4 | Noticed Sojobo
 57875 | Vaults:4 | Killed Sojobo
 57878 | Vaults:4 | Cast into level 3 of the Abyss (tengu reaver)
 57967 | Abyss:3  | Received a gift from Nemelex Xobeh
 58119 | Abyss:3  | Reached skill level 8 in Fighting
 58459 | Abyss:3  | Reached skill level 14 in Invocations
 58614 | Abyss:3  | Paralysed by accursed screaming for 1 turns
 58628 | Abyss:3  | HP: 1/146 [smoke demon/divine providence (8)]
 58630 | Abyss:3  | Killed from afar by a starcursed mass

Illustrated notes

Levels and vault maps discovered:
D:1:      psy_arrival_fountain, layout_basic, minmay_misc_feat_iff,
          nemelex_diamond_rough_becter
D:2:      layout_basic, elyvilon_altar_1, chequers_ecumenical_altar_lobes,
          minmay_tromino_v4_c, uniq_jessica, uniq_crazy_yiuf_cottage
D:3:      layout_rooms, overflow_temple_1_default, chequers_arboretum,
          kennysheep_decorative_pillar
D:4:      layout_cave_pools, nzn_wu_jian_contemplation, kennysheep_mini,
          makhleb_grotto_becter, minmay_temple_entry_crystal_x
D:5:      layout_rooms, uniq_grinder, uniq_edmund, uniq_menkaure, uniq_eustachio
D:6:      layout_rooms, gammafunk_ghost_smash
D:7:      layout_rooms, nicolae_overflow_crystal_walls, kennysheep_little_box,
          kennysheep_generic_room_9, uniq_duvessa
D:8:      minmay_curly_fans, layout_rooms, nicolae_qazlal_general_emergency,
          special_room [special_room_orc], ebering_ghost_xom
D:9:      layout_basic, minitemple, serial_shops, shop,
          grunt_decor_mini_mirrors, uniq_erica
D:10:     layout_irregular_city, erik_lair_orcish_takeover, st_stairs_6,
          minmay_beelzebubs_servants
D:11:     layout_roguey, david_orc_2, kennysheep_generic_room_7, uniq_maurice
D:12:     layout_basic, uniq_snorg
D:13:     layout_basic, erik_vaults_1, enter_bailey_3, serial_shops, shop,
          nicolae_shop_crystal
D:14:     layout_cave_pools, uniq_roxanne, uniq_louise
D:15:     grunt_enter_depths_snipers, layout_stronghold, old_standard_altar,
          minivault_5, lightli_corner_chamber
Lair:1:   layout_regular_city, hellmonk_ghost_happy_afterlife
Lair:2:   layout_hall_layers, skrybe_swamp_entry_bodies,
          cheibrodos_lair_reptile_den, infiniplex_staircase_pool
Lair:3:   layout_cave_pods, guppyfry_snake_entry_island,
          ebering_ghost_reflecting_pool, grunt_forest_stairs_clearing
Lair:4:   layout_cave_shapes, serial_bayou_pond_e
Lair:5:   layout_small_grid, minmay_slime_entry_oklob_open, special_room
          [special_room_mythical_zoo], serial_bayou_crossing
Lair:6:   minmay_lair_end_enchanted_forest, layout_regular_city,
          gauntlet_entry_generic, amcnicky_mini_pool_medium,
          minmay_lair_oklob_chamber
Swamp:1:  layout_basic_swamp, evilmike_swamp_ruin_house_3, swamp_pool4
Swamp:2:  layout_basic_swamp, serial_swamp_ruin, evilmike_swamp_ruin_house_6,
          evilmike_swamp_ruin_rubble_2, evilmike_swamp_ruin_house_2, swamp_pool5
Swamp:3:  layout_basic_swamp, nicolae_swamp_triple_paths, swamp_pool5,
          hangedman_swamp_blocks, uniq_bai_suzhen
Swamp:4:  swamp_basic_johnstein, layout_basic_swamp, swamp_pool5
Snake:1:  layout_misc_corridors, grunt_ministairs_15
Snake:2:  layout_rooms, grunt_megastairs_3, minmay_shoptagon, lemuel_fruit_tree
Snake:3:  layout_honeycomb, hangedman_snake_pattern, st_stairs_14
Snake:4:  grunt_snake_rune_serpentine_throne, layout_rooms
Orc:1:    minmay_goldmine, layout_diamond_mine, uniq_nergalle, uniq_gastronok,
          uniq_sonja
Orc:2:    grunt_orc_tribal_feast, layout_caves, portal_ice_cave_demonic_guard,
          uniq_rupert
Vaults:1: hangedman_vaults_locks, grunt_vaults_funneled_arena,
          vaults_dpeg_diagonal, vaults_dpeg_cross, vaults_mumra_lcd,
          vaults_room_hallway, v_misc_25, vaults_room_grunt_arrival_ludios,
          dpeg_vaults_monster_row, nicolae_vaults_little_squares_6,
          vaults_room_stairs_pillars, layout_vaults_omnigrid, serial_shops, shop
Vaults:2: v_misc_16, dpeg_vaults_monster_box, v_alt_pattern_5,
          minmay_crypt_entry_necro_gods, nicolae_vaults_windows_and_doors_thing,
          vaults_dpeg_hooks, vaults_dpeg_encased_lava,
          grunt_vaults_hallway_short, layout_vaults_chaotic_city
Vaults:3: v_pattern_3, nicolae_vaults_mini_display_case, vaults_room_grid,
          nicolae_vaults_branching_niches, v_misc_11, vaults_mumra_hexcomb,
          v_alt_pattern_1, v_misc_5, ontoclasm_vaults_chip, v_misc_23,
          layout_vaults_maze_bifur
Vaults:4: nicolae_vaults_network_quinsquares
          [nicolae_vaults_network_quincunx_subvault,
          nicolae_vaults_network_quincunx_subvault,
          nicolae_vaults_network_quincunx_subvault,
          nicolae_vaults_network_quincunx_subvault],
          nicolae_vaults_twisting_passages, nicolae_vaults_theta,
          vaults_mumra_chevron, hangedman_vaults_restitches,
          vaults_room_octagon, nicolae_vaults_little_squares_3,
          vaults_room_glass_cross, vaults_room_fours, layout_vaults_omnicross,
          serial_shops, shop, uniq_sojobo
Abyss:3:  base: Swamp:4, base: D:10,
          evilmike_nicolae_abyss_rune_betentacled_crabyss,
          hangedman_decor_lopped, evilmike_abyss_rune_siren_acolytes,
          evilmike_abyss_rune_ettins, minivault_22,
          gammafunk_abyss_rune_reverse_zot

Skill      XL: |  1  2  3  4  5  6  7  8  9 10 11 12 13 14 15 16 17 18 19 20 |
---------------+-------------------------------------------------------------+-----
Dodging        | 3 4 5 7 8 10 11 18 19 | 19.8
Stealth        | 5 6 7 9 10 12 13 | 13.0
Hexes          | 4 5 6 7 8 9 10 | 10.0
Short Blades   | 2 3 4 5 6 8 |  8.0
Invocations    | 1 2 3 4 5 6 8 9 10 13 14 | 14.1
Spellcasting   | 5 10 12 14 15 | 15.0
Fighting       | 3 5 7 8 |  8.3
Evocations     | 9 |  9.0
Earth Magic    | 9 10 | 10.0
Shields        | 7 |  7.2
Transmutations | 7 15 | 15.0
Armour         | 3 |  3.0
Long Blades    | 2 10 13 | 13.5

Action                   |  1- 3 |  4- 6 |  7- 9 | 10-12 | 13-15 | 16-18 | 19-21 || total
-------------------------+-------+-------+-------+-------+-------+-------+-------++-------
Melee: Dagger            |    98 |   252 |   163 |       |       |       |       ||   513
       Short sword       |       |       |   201 |   461 |  2252 |   793 |       ||  3707
       Scimitar          |       |       |       |       |       |  1326 |   667 ||  1993
       Demon blade       |       |       |       |       |       |       |   335 ||   335
Throw: Stone             |    19 |     6 |       |       |     2 |       |       ||    27
       Dart              |       |       |       |       |    16 |       |       ||    16
 Cast: Corona            |    11 |       |       |       |       |       |       ||    11
       Ensorcelled Hiber |    11 |    21 |    58 |   177 |   162 |    11 |     3 ||   443
       Confusing Touch   |       |    17 |    36 |    46 |   274 |    87 |     1 ||   461
       Tukima's Dance    |       |     1 |    33 |    20 |    90 |    35 |    11 ||   190
       Stone Arrow       |       |       |       |       |    18 |       |       ||    18
       Statue Form       |       |       |       |       |       |    84 |    43 ||   127
Invok: Draw Destruction  |       |       |       |     3 |     4 |    26 |     5 ||    38
       Draw Stack        |       |       |       |       |     5 |     6 |     2 ||    13
       Stack Five        |       |       |       |       |     1 |     2 |       ||     3
       Draw Summoning    |       |       |       |       |       |     4 |       ||     4
       Triple Draw       |       |       |       |       |       |       |     1 ||     1
       Deal Four         |       |       |       |       |       |       |     1 ||     1
 Abil: End Transformatio |       |       |       |       |       |     1 |     2 ||     3
Evoke: Condenser vane    |       |       |       |     1 |     2 |       |     2 ||     5
       Wand              |       |       |       |     3 |    17 |       |       ||    20
       Box of beasts     |       |       |       |       |     4 |     2 |     1 ||     7
       Phantom mirror    |       |       |       |       |     3 |       |       ||     3
  Use: Scroll            |       |     5 |     5 |    21 |     6 |     6 |    11 ||    54
       Potion            |       |       |       |     1 |     5 |     3 |     6 ||    15
 Stab: Sleeping          |     8 |    24 |    35 |    98 |   116 |    24 |    10 ||   315
       Confused          |       |    13 |    38 |    45 |   287 |   119 |       ||   502
       Distracted        |       |       |       |       |     6 |     2 |     3 ||    11
       Invisible         |       |       |       |       |     1 |       |       ||     1
       Paralysed         |       |       |       |       |       |     1 |       ||     1
       Petrified         |       |       |       |       |       |       |     1 ||     1
Armor: Robe              |     8 |    16 |    23 |    46 |       |       |       ||    93
       Steam dragon scal |       |       |       |    13 |     5 |       |       ||    18
       Skin              |       |       |       |     7 |    29 |   541 |   254 ||   831
       Quicksilver drago |       |       |       |       |   439 |   112 |    30 ||   581
Dodge: Dodged            |    62 |   168 |   222 |   414 |  1702 |  2771 |  1233 ||  6572
Block: Buckler           |       |       |       |       |   214 |   936 |   425 ||  1575
       Rpst.: Scimitar   |       |       |       |       |       |   415 |   185 ||   600
       Demon blade       |       |       |       |       |       |       |    91 ||    91

Table legend: (Time is in decaauts)
 A = Elapsed time spent in this place.
 B = Non-inter-level travel time spent in this place.
 C = Inter-level travel time spent in this place.
 D = Time resting spent in this place.
 E = Time spent auto-exploring this place.
 F = Levels seen in this place.
 G = Mean time per level.
                   A        B        C        D        E       F      G
               +--------+--------+--------+--------+--------+-----+--------+
         Total |  49084 |  47149 |   1935 |   9191 |  20830 |  37 | 1326.6 |
       Dungeon |  17751 |  17040 |    711 |   3400 |   8712 |  15 | 1183.4 |
          Lair |   9533 |   9020 |    513 |   2471 |   4075 |   6 | 1588.8 |
         Swamp |   4484 |   4360 |    124 |    173 |   1828 |   4 | 1121.0 |
     Snake Pit |   4910 |   4787 |    123 |    686 |   1878 |   4 | 1227.5 |
  Orcish Mines |   4159 |   3962 |    197 |   1448 |   1524 |   2 | 2079.5 |
        Vaults |   6403 |   6138 |    265 |    475 |   2514 |   4 | 1600.8 |
         Abyss |    812 |    812 |      0 |      0 |     21 |   1 |  812.0 |
      Gauntlet |   1029 |   1029 |      0 |    536 |    276 |   1 | 1029.0 |
               +--------+--------+--------+--------+--------+-----+--------+

Top non-repeatable levels by time:
   Orc:2: 3081 daAuts
    D:13: 2165 daAuts
  Lair:3: 2111 daAuts
Vaults:2: 1991 daAuts
  Lair:5: 1975 daAuts
Vaults:3: 1924 daAuts
     D:6: 1866 daAuts
Vaults:1: 1826 daAuts
 Snake:4: 1633 daAuts
  Lair:6: 1606 daAuts
    D:10: 1555 daAuts
     D:8: 1453 daAuts
     D:2: 1435 daAuts
  Lair:2: 1423 daAuts
 Swamp:3: 1371 daAuts
